 Dungeon Crawl Stone Soup version 0.20.1-1-g8b1a95d (webtiles) character file.

116 Linguinho the Chucker (level 4, -1/42 HPs)
             Began as a Troll Hunter on Nov 14, 2017.
             Slain by a gnoll
             ... wielding a +0 club
              (5 damage)
             ... on level 1 of the Dungeon.
             The game lasted 00:01:36 (952 turns).

Linguinho the Chucker (Troll Hunter)                 Turns: 952, Time: 00:01:37

Health: -1/42      AC:  5    Str: 21    XL:     4   Next: 69%
Magic:  3/3        EV: 10    Int:  7    God:
Gold:   50         SH:  0    Dex: 10    Spells: 3/3 levels left

rFire    . . .     SeeInvis .   a - +0 short sword
rCold    . . .     Gourm    +   (no shield)
rNeg     . . .     Faith    .   b - +0 robe
rPois    .         Spirit   .   (helmet restricted)
rElec    .         Reflect  .   (no cloak)
rCorr    .         Harm     .   (gloves unavailable)
MR       .....                  (boots unavailable)
Stlth    +.........             (no amulet)
Regen    0.6/turn               (no ring)
MPRegen  0.1/turn               (no ring)

@: no status effects
A: unfitting armour, claws 3, fast metabolism 3, gourmand, regeneration 1,
shaggy fur 1, tough skin 2
a: no special abilities


You were on level 1 of the Dungeon.
You were very full.

You visited 1 branch of the dungeon, and saw 2 of its levels.

You collected 50 gold pieces.

Inventory:

Hand Weapons
 a - a +0 short sword (weapon)
Missiles
 c - 5 large rocks (quivered)
 d - 2 throwing nets
Armour
 b - a +0 robe (worn)
Scrolls
 i - 2 scrolls of remove curse {unknown}
 j - 2 scrolls of teleportation {unknown}
Potions
 e - 2 potions of curing {unknown}
 h - a potion of heal wounds {unknown}
 k - a potion of ambrosia {unknown}
 l - 2 potions of might {unknown}
 n - a potion of mutation {unknown}
Comestibles
 f - 2 bread rations
 m - 16 fruits


   Skills:
 + Level 2.3 Fighting
 - Level 0.1 Short Blades
 + Level 4.2 Throwing
 + Level 2.6 Dodging
 - Level 0.3 Stealth
 * Level 1.4 Unarmed Combat


You had 3 spell levels left.
You didn't know any spells.

Dungeon Overview and Level Annotations

Branches:
Dungeon (2/15)

Altars:
Makhleb


Innate Abilities, Weirdness & Mutations

You are too large for most types of armour.
You have claws for hands.
Your metabolism is lightning-fast.
You like to eat raw meat.
Your natural rate of healing is unusually fast.
You are covered in fur. (AC +1)
You have very tough skin. (AC +2)


Message History

You climb upwards.
There is a stone staircase leading down here.
You puncture Jessica!
Jessica is almost dead.
Jessica hits you with a dagger.
The gnoll hits you with a spear of piercing.
The gnoll hits you with a whip. The gnoll hits you with a club.
You hit Jessica.
You kill Jessica!
The gnoll hits you with a spear of piercing.
The gnoll hits you with a whip. The gnoll hits you but does no damage.
You hit the gnoll.
The gnoll is heavily wounded.
The gnoll hits you but does no damage. The gnoll closely misses you. x2
You hit the gnoll.
The gnoll is heavily wounded.
The gnoll hits you with a spear of piercing!
* * * LOW HITPOINT WARNING * * *
x2 The gnoll hits you but does no damage.
The gnoll hits you with a club.
You die...

##########
#)g......#
#@g......#######
#.g............###
#.................
#........########.
########## ## #


You could see 3 gnolls.

Vanquished Creatures
  A hound (D:2)
  Jessica (D:1)
  An adder (D:2)
  An ooze (D:1)
  2 worms (D:2)
  2 dart slugs
  A leopard gecko (D:2)
  4 bats
  A giant cockroach (D:2)
  3 goblins (D:1)
  4 hobgoblins
  6 jackals (D:1)
  4 frilled lizards
  5 kobolds (D:1)
  2 rats
38 creatures vanquished.

Notes
Turn   | Place    | Note
-------+----------+-------------------------------------------
     0 | D:1      | Linguinho the Troll Hunter began the quest for the Orb.
     0 | D:1      | Reached XP level 1. HP: 19/19 MP: 0/0
    61 | D:1      | Reached XP level 2. HP: 17/27 MP: 1/1
    99 | D:1      | Reached skill level 4 in Throwing
   381 | D:1      | Reached XP level 3. HP: 35/35 MP: 2/2
   804 | D:2      | Found a burning altar of Makhleb.
   824 | D:2      | Reached skill level 1 in Unarmed Combat
   824 | D:2      | Reached XP level 4. HP: 19/42 MP: 3/3
   877 | D:2      | Noticed Jessica
   950 | D:1      | Killed Jessica
   952 | D:1      | Slain by a gnoll

Skill      XL: |  1  2  3 |
---------------+----------+-----
Throwing       | 4 |  4.2
Fighting       | 2 |  2.3
Dodging        | 2 |  2.6
Unarmed Combat | 1 |  1.4
Short Blades   | |  0.1
Stealth        | |  0.3

Action                   |  1- 3 |  4- 6 || total
-------------------------+-------+-------++-------
Melee: Short sword       |   155 |    12 ||   167
       Punch             |     1 |       ||     1
  Eat: Chunk             |    13 |     1 ||    14
Armor: Robe              |    87 |     6 ||    93
Dodge: Dodged            |   126 |    14 ||   140
